 Dungeon Crawl Stone Soup version 0.18.1-5-g4a78601 (webtiles) character file.

203 Zhenya25pyc the Covered (level 5, -8/33 HPs)
             Began as a Gargoyle Fighter on May 11, 2016.
             Killed by divine providence
             ... invoked by an orc priest
              (11 damage)
             ... on level 3 of the Dungeon.
             The game lasted 00:03:02 (2514 turns).

Zhenya25pyc the Covered (Gargoyle Fighter)          Turns: 2514, Time: 00:03:02

Health: -8/33      AC: 11    Str: 21    XL:     5   Next: 81%
Magic:  5/5        EV:  7    Int:  8    God:
Gold:   53         SH:  9    Dex:  9    Spells: 0 memorised, 4 levels left

rFire  + . .     SeeInvis .     a - +0 flail
rCold  . . .     Gourm    .     b - +0 scale mail
rNeg   + . .     Faith    .     c - +0 shield
rPois  ∞         Spirit   .     (no helmet)
rElec  +         Dismiss  .     (no cloak)
rCorr  .         Reflect  .     (no gloves)
SustAt .         Harm     .     (no boots)
MR     .....                    (no amulet)
Stlth  ..........               (no ring)
                                j - ring of protection from fire

@: not resistant to hostile enchantments, extremely unstealthy
A: negative energy resistance 1, electricity resistance, unbreathing,
petrification resistance, rot immunity, AC +4
a: no special abilities


You were on level 3 of the Dungeon.
You were very hungry.

You visited 1 branch of the dungeon, and saw 3 of its levels.

You collected 53 gold pieces.

Inventory:

Hand Weapons
 a - a +0 flail (weapon)
Armour
 b - a +0 scale mail (worn)
 c - a +0 shield (worn)
Jewellery
 j - a ring of protection from fire (left hand)
Scrolls
 i - a scroll of enchant weapon {unknown}
 k - a scroll of magic mapping {unknown}
 m - a scroll of random uselessness {unknown}
 o - a scroll of teleportation {unknown}
 s - a scroll of enchant armour {unknown}
 t - 2 scrolls of remove curse {unknown}
 v - 2 scrolls of immolation {unknown}
Potions
 d - 2 potions of might
 e - a potion of cure mutation {unknown}
 h - 2 potions of heal wounds {unknown}
 l - 2 potions of curing {unknown}
 n - a potion of magic {unknown}
 p - a potion of flight {unknown}
 u - 3 potions of degeneration {unknown}
 w - a potion of agility {unknown}
 x - a potion of cancellation {unknown}
Comestibles
 f - a bread ration
 g - 4 fruits
 q - 3 meat rations
 r - a slice of pizza


   Skills:
 + Level 4.2 Fighting
 * Level 3.9 Maces & Flails
 + Level 4.3 Armour
 + Level 4.2 Shields


You had 4 spell levels left.
You didn't know any spells.

Dungeon Overview and Level Annotations

Branches:
Dungeon (3/15)

Altars:


Innate Abilities, Weirdness & Mutations

You are resistant to torment.
Your stone body is resilient (AC +4).
You are immune to poison.
You resist negative energy.
You are resistant to electric shocks.
You can survive without breathing.
You are immune to petrification.
You are immune to rotting.


Message History

* * * LOW HITPOINT WARNING * * *
The orc priest hits you with a flail.
* * * LOW HITPOINT WARNING * * *
The orc hits you but does no damage. x2
You block the orc's attack.
The orc priest hits you but does no damage.
The orc barely misses you.
There is a stone staircase leading down here.
You are feeling very hungry.
You hit the orc priest.
The orc priest is severely wounded.
The orc hits you but does no damage. x2; The orc closely misses you.
The orc priest hits you but does no damage.
You block the orc's attack.
You barely miss the orc priest.
The orc priest is severely wounded.
The orc completely misses you. You block the orc's attack.
The orc priest calls down the wrath of Beogh upon you.
Beogh smites you!
You die...

##.#.# ### #####.#.#
. ..# ..#.. .# .#
#.##### #.#.##.#.)#
#.....# #.#.#.<..#
#####.#######......#
#............#.#
####.....#.#o#.#
#..###...#@o.#
#..(## ##..##o.#
#.## ##.##.o# #.
####..# . #... .
#...# .. #...# #...#


You could see an orc priest and 3 orcs.

Vanquished Creatures
  A jelly (D:3)
  4 gnolls (D:2)
  6 adders
  A dart slug (D:1)
  3 giant geckos
  An orc (D:3)
  2 ball pythons (D:1)
  3 giant cockroaches
  6 goblins
  9 hobgoblins
  2 jackals (D:1)
  4 quokkas
  5 bats
  4 giant newts
  12 kobolds
  11 rats
74 creatures vanquished.

Notes
Turn   | Place    | Note
--------------------------------------------------------------
     0 | D:1      | Zhenya25pyc the Gargoyle Fighter began the quest for the Orb.
     0 | D:1      | Reached XP level 1. HP: 14/14 MP: 1/1
    67 | D:1      | Reached XP level 2. HP: 4/19 MP: 2/2
   616 | D:1      | Reached XP level 3. HP: 22/23 MP: 3/3
  1282 | D:2      | Reached XP level 4. HP: 23/29 MP: 4/4
  1537 | D:2      | Reached XP level 5. HP: 33/33 MP: 5/5
  2514 | D:3      | Killed from afar by an orc priest

Skill      XL: |  1  2  3  4  5 |
---------------+----------------+-----
Maces & Flails | 3 |  3.9
Armour         | 4 |  4.3
Shields        | 4 |  4.2
Fighting       | 4 |  4.2

Action                   |  1- 3 |  4- 6 || total
-------------------------+-------+-------++-------
Melee: Flail             |   167 |   187 ||   354
  Eat: Chunk             |     2 |     3 ||     5
Armor: Scale mail        |   122 |   110 ||   232
Dodge: Dodged            |    73 |    73 ||   146
Block: Shield            |    94 |   119 ||   213
